 Dungeon Crawl Stone Soup version 0.28-a0-863-g8cecda6153 (webtiles) character file.

Game seed: 5554733802695148647

14 funkygono the Firebug (level 2, 0/15 HPs)
             Began as a Gargoyle Fire Elementalist on Nov 19, 2021.
             Killed by nerve-wracking pain
             ... invoked by Jessica
              (4 damage)
             ... on level 2 of the Dungeon.
             The game lasted 00:01:03 (442 turns).

funkygono the Firebug (Gargoyle Fire Elementalist)   Turns: 442, Time: 00:01:04

Health: 0/15       AC:  5    Str: 11    XL:     2   Next: 45%
Magic:  0/5        EV: 12    Int: 15    God:
Gold:   19         SH:  0    Dex: 10    Spells: 4/5 levels left

rFire   . . .      SeeInvis .   b - +0 club
rCold   . . .      Faith    .   (no shield)
rNeg    + . .      Spirit   .   a - +0 robe
rPois   ∞          Reflect  .   c - +0 helmet
rElec   +          Harm     .   (no cloak)
rCorr   .          Rampage  .   (no gloves)
Will    .....                   (no boots)
Stlth   ++........              (no amulet)
HPRegen 0.05/turn               (no ring)
MPRegen 0.09/turn               (no ring)

@: no status effects
A: sickness immunity, AC +2, negative energy resistance 1, electricity
resistance, torment resistance 1, petrification resistance
a: no special abilities


You were on level 2 of the Dungeon.
You visited 1 branch of the dungeon, and saw 2 of its levels.

You collected 19 gold pieces.

Inventory:

Hand Weapons
 b - a +0 club (weapon)
Armour
 a - a +0 robe (worn)
 c - a +0 helmet (worn)
Scrolls
 e - a scroll of identify {unknown}
Potions
 d - a potion of magic {unknown}


   Skills:
 + Level 1.7 Dodging
 + Level 2.2 Stealth
 * Level 2.1 Spellcasting
 * Level 1.5 Conjurations
 * Level 3.4 Fire Magic


You had 4 spell levels left.
You knew the following spells:

 Your Spells              Type           Power      Damage    Failure   Level
a - Foxfire               Conj/Fire      32%        2x1d5     9%          1

Your spell library contained the following spells:

 Spells                   Type           Power      Damage    Failure   Level
 Scorch                   Fire           22%        2d6       9%          2
 Conjure Flame            Conj/Fire      8%         6-21      24%         3
 Inner Flame              Hex/Fire       6%         N/A       32%         3
 Flame Wave               Conj/Fire      8%         3d4       63%         4


Dungeon Overview and Level Annotations

Branches:
Dungeon (1/15)

Altars:

Annotations:
D:2 Jessica


Innate Abilities, Weirdness & Mutations

You are immune to sickness and miasma.
Your stone body is resilient. (AC +2)
You are immune to poison.
You resist negative energy. (rN+)
You are resistant to electric shocks. (rElec)
You are resistant to unholy torment.
You are immune to petrification.


Message History

You barely miss the endoplasm. The endoplasm completely misses you.
The endoplasm freezes you.
You are frozen.
You hit the endoplasm.
The endoplasm is lightly wounded.
The frilled lizard bites you but does no damage.
The endoplasm misses you.
Jessica mumbles something strange.
Casting: Foxfire (safe; 9% risk of failure)
Confirm with . or Enter, or press ? or * to list all spells.
You conjure some foxfire!
The frilled lizard bites you but does no damage.
The foxfire hits the frilled lizard.
The frilled lizard is heavily wounded.
The foxfire hits the frilled lizard.
You kill the frilled lizard!
Jessica gestures wildly while chanting.
Jessica seems to speed up.
Jessica casts a spell.
Jessica blinks!
You see here a ball python corpse.
Casting: Foxfire (safe; 9% risk of failure)
Confirm with . or Enter, or press ? or * to list all spells.
You conjure some foxfire!
Jessica barely misses you. x2
The foxfire hits Jessica.
Jessica is lightly wounded.
Jessica casts a spell at you. Pain shoots through your body!
Jessica gestures wildly.
Jessica gestures at you while chanting.
You are unaffected.
Jessica points at you and mumbles some strange words.
Pain shoots through your body!
* * * LOW HITPOINT WARNING * * *
Casting: Foxfire (safe; 9% risk of failure)
Confirm with . or Enter, or press ? or * to list all spells.
You conjure some foxfire!
Jessica gestures at you while chanting. Pain shoots through your body!
You die...

#..........## #
#..##.##....##.#
#.#†#.#......#.##.
#.##.J§<..........
#..#####.....####. ##J#
##...## #@# ##$#### #.#
#....# ###@#########..#
#.v.v.......v)......
#.†....#............
#.#†####..≈≈........ ###
#.#.# #.≈..≈.......
##†#####.#.. #≈≈≈..≈..≈≈...
#.#......#..#≈≈≈..≈..≈..≈..
##.#####.#..#≈≈...≈.⌠≈..≈..
#.# #....#


You could see Jessica (fast, ally target) and an endoplasm.

Vanquished Creatures
  A giant cockroach (D:2)
  2 goblins
  A hobgoblin (D:1)
  3 quokkas
  A ball python (D:2)
  2 frilled lizards (D:2)
  4 rats
14 creatures vanquished.

Vanquished Creatures (others)
  41 foxfires
41 creatures vanquished.

Grand Total: 55 creatures vanquished

Notes
Turn   | Place    | Note
-------+----------+-------------------------------------------
     0 | D:1      | funkygono the Gargoyle Fire Elementalist began the quest
                  | for the Orb.
     0 | D:1      | Reached XP level 1. HP: 10/10 MP: 3/3
   291 | D:1      | You fall into a shaft and drop 1 floor!
   296 | D:2      | Reached XP level 2. HP: 15/15 MP: 5/5
   407 | D:2      | Noticed Jessica
   442 | D:2      | Killed from afar by Jessica

Illustrated notes

Levels and vault maps discovered:
D:1:      psy_arrival_fountain, layout_rooms
D:2:      cheibrodos_helix_gallery, layout_loops_ring, basic_ecumenical_altar,
          uniq_jessica

Action                   || total
-------------------------++-------
Melee: Club              ||     9
 Cast: Foxfire           ||    26
 Stab: Sleeping          ||     1
Armor: Robe              ||     4
Dodge: Dodged            ||     7

Table legend: (Time is in decaauts)
 A = Elapsed time spent in this place.
 B = Non-inter-level travel time spent in this place.
 C = Inter-level travel time spent in this place.
 D = Time resting spent in this place.
 E = Time spent auto-exploring this place.
 F = Levels seen in this place.
 G = Mean time per level.
                   A        B        C        D        E       F      G
               +--------+--------+--------+--------+--------+-----+--------+
         Total |    443 |    443 |      0 |     18 |    315 |   2 |  221.5 |
       Dungeon |    443 |    443 |      0 |     18 |    315 |   2 |  221.5 |
               +--------+--------+--------+--------+--------+-----+--------+

Top non-repeatable levels by time:
     D:1: 291 daAuts
     D:2: 152 daAuts
